PAAA
BAKERSFIELD NOBLES @ BAY CITY BOMBERS
07/31/2021
 
TOP OF THE 1ST
Bakersfield Nobles batting - Pitching for Bay City Bombers : RHP Jeff Krause
Pitching: RHP Jeff Krause
Batting: RHB Arnie Latham 0-0: Swinging Strike
0-1: Foul Ball, location: 2F
0-2: Foul Ball, location: 2F
0-2: Foul Ball, location: 2F
0-2: Fly out, F9 (Popup, 4MD)
Batting: SHB Stephen Yates 0-0: Ball
1-0: Ball
2-0: Called Strike
2-1: Ball
3-1: Foul Ball, location: 2F
3-2: Base on Balls
Batting: LHB Emery Miller 0-0: Called Strike
0-1: Ball
1-1: SINGLE (Groundball, 13) (infield hit)
Stephen Yates to second
Batting: LHB Luis Velázquez 0-0: Called Strike
0-1: Fly out, F8 (Flyball, 8LXD)
Runner from 2nd tags up, SAFE at 3rd, no throw
Batting: LHB Juan González 0-0: Ball
1-0: Called Strike
1-1: Foul Ball, location: 2F
1-2: Foul Ball, location: 2F
1-2: SINGLE (Line Drive, 3D)
Stephen Yates scores
Emery Miller to second
Runner from 2nd tries for 3rd, SAFE, no throw or cutoff
Batting: RHB Floyd Mitchell 0-0: Called Strike
0-1: Ball
1-1: Fly out, F7 (Flyball, 78M)
Top of the 1st over - 1 run(s), 2 hit(s), 0 error(s), 2 left on base; Bakersfield 1 - Bay City 0
BOTTOM OF THE 1ST
Bay City Bombers batting - Pitching for Bakersfield Nobles : RHP Fernando González
Pitching: RHP Fernando González
Batting: LHB Jim Unknown 0-0: Fly out, F8 (Flyball, 8RM)
Batting: LHB Bastyão Lizardo 0-0: Ball
1-0: Ball
2-0: Called Strike
2-1: Foul Ball, location: 2F
2-2: SINGLE (Line Drive, 7S)
Batting: RHB Jim Unknown 0-0: Ball
1-0: Foul Ball, location: 2F
1-1: SINGLE (Groundball, 34D)
Bastyão Lizardo to second
Runner from 2nd tries for 3rd, SAFE, no throw or cutoff
Batting: LHB Jim Unknown 0-0: Ball
1-0: Foul Ball, location: 2F
1-1: Fly out, F4 (Popup, 3D)
Batting: RHB Barry Martínez 0-0: Called Strike
0-1: Ball
1-1: Foul Ball, location: 2F
1-2: Foul Ball, location: 2F
1-2: Fly out, F9 (Flyball, 89M)
Bottom of the 1st over - 0 run(s), 2 hit(s), 0 error(s), 2 left on base; Bakersfield 1 - Bay City 0
TOP OF THE 2ND
Bakersfield Nobles batting - Pitching for Bay City Bombers : RHP Jeff Krause
Batting: RHB Ron Gérard 0-0: Swinging Strike
0-1: Ball
1-1: Ground out 4-3 (Groundball, 4)
Batting: RHB Lloyd Alberink 0-0: SINGLE (Groundball, 6D) (infield hit)
Batting: RHB Dong-po Tien 0-0: Ball
1-0: Ball
2-0: Called Strike
2-1: Ball
3-1: Base on Balls
Lloyd Alberink to second
Batting: RHB Arnie Latham 0-0: Foul Ball, location: 2F
0-1: Ball
1-1: Foul Ball, location: 2F
1-2: DOUBLE (Groundball, 5L)
Lloyd Alberink scores
Dong-po Tien to third
Runner from 3rd tries for Home, SAFE, throw made home
Batting: SHB Stephen Yates 0-0: Called Strike
0-1: Ball
1-1: Called Strike
1-2: Ball
2-2: Ball
3-2: Ground out 4-3 (Groundball, 4M)
Arnie Latham to third
Batting: LHB Emery Miller 0-0: Ball
1-0: Ball
2-0: Called Strike
2-1: Called Strike
2-2: Fly out, F9 (Flyball, 89M)
Top of the 2nd over - 2 run(s), 2 hit(s), 0 error(s), 1 left on base; Bakersfield 3 - Bay City 0
BOTTOM OF THE 2ND
Bay City Bombers batting - Pitching for Bakersfield Nobles : RHP Fernando González
Batting: RHB Gilberto Patino 0-0: Fly out, F7 (Line Drive, 78D)
Batting: LHB Mito Rin 0-0: Swinging Strike
0-1: Foul Ball, location: 2F
0-2: Ground out 4-3 (Groundball, 13)
Batting: RHB Jim Unknown 0-0: Swinging Strike
0-1: Fly out, F9 (Flyball, 89M)
Bottom of the 2nd over - 0 run(s), 0 hit(s), 0 error(s), 0 left on base; Bakersfield 3 - Bay City 0
TOP OF THE 3RD
Bakersfield Nobles batting - Pitching for Bay City Bombers : RHP Jeff Krause
Batting: LHB Luis Velázquez 0-0: Swinging Strike
0-1: Called Strike
0-2: Ground out 6-3 (Groundball, 6)
Batting: LHB Juan González 0-0: Called Strike
0-1: Swinging Strike
0-2: Ball
1-2: Ball
2-2: Foul Ball, location: 2F
2-2: SINGLE (Groundball, 34S)
Batting: RHB Floyd Mitchell 0-0: Called Strike
0-1: Called Strike
0-2: Fly out, F7 (Line Drive, 78S)
Batting: RHB Ron Gérard 0-0: Foul Ball, location: 2F
0-1: Fly out, F5 (Popup, 5)
Top of the 3rd over - 0 run(s), 1 hit(s), 0 error(s), 1 left on base; Bakersfield 3 - Bay City 0
BOTTOM OF THE 3RD
Bay City Bombers batting - Pitching for Bakersfield Nobles : RHP Fernando González
Batting: RHB Jim Unknown 0-0: Ball
1-0: Fly out, F9 (Flyball, 9LM)
Batting: LHB Jim Unknown 0-0: Ball
1-0: Ground out 6-3 (Groundball, 6)
Batting: LHB Bastyão Lizardo 0-0: Called Strike
0-1: SINGLE (Groundball, 34D)
Batting: RHB Jim Unknown 0-0: Ball
1-0: Called Strike
1-1: Called Strike
1-2: Fly out, F8 (Flyball, 8LS)
Bottom of the 3rd over - 0 run(s), 1 hit(s), 0 error(s), 1 left on base; Bakersfield 3 - Bay City 0
TOP OF THE 4TH
Bakersfield Nobles batting - Pitching for Bay City Bombers : RHP Jeff Krause
Batting: RHB Lloyd Alberink 0-0: DOUBLE (Line Drive, 7LM)
Batting: RHB Dong-po Tien 0-0: Swinging Strike
0-1: Ball
1-1: Ball
2-1: Ball
Passed Ball!
Lloyd Alberink to third
3-1: Base on Balls
Batting: RHB Arnie Latham 0-0: Ball
Passed Ball!
Lloyd Alberink scores
Dong-po Tien to second
1-0: Ball
2-0: Ball
3-0: Base on Balls
Batting: SHB Stephen Yates 0-0: Ball
1-0: Swinging Strike
1-1: Foul Ball, location: 2F
1-2: Foul Ball, location: 2F
1-2: Ball
2-2: Foul Ball, location: 2F
2-2: Ball
3-2: Base on Balls
Dong-po Tien to third
Arnie Latham to second
Batting: LHB Emery Miller 0-0: Ball
1-0: Fielders Choice at 2nd, 4-6 (Groundball, 34)
Dong-po Tien scores
Arnie Latham to third
Batting: LHB Luis Velázquez 0-0: Grounds into double play, 6-4-3 (Groundball, 6)
Top of the 4th over - 2 run(s), 1 hit(s), 0 error(s), 1 left on base; Bakersfield 5 - Bay City 0
BOTTOM OF THE 4TH
Bay City Bombers batting - Pitching for Bakersfield Nobles : RHP Fernando González
Batting: LHB Jim Unknown 0-0: Fly out, F8 (Flyball, 89D)
Batting: RHB Barry Martínez 0-0: SINGLE (Groundball, 6MD)
Batting: RHB Gilberto Patino 0-0: 2-RUN HOME RUN (Flyball, 9LD), Distance : 333 ft
Batting: LHB Mito Rin 0-0: Called Strike
0-1: SOLO HOME RUN (Flyball, 7D), Distance : 368 ft
Batting: RHB Jim Unknown 0-0: Called Strike
0-1: Called Strike
0-2: Ball
1-2: Ball
2-2: SINGLE (Flyball, 8LS)
Batting: RHB Jim Unknown 0-0: Ball
1-0: Called Strike
1-1: Ball
2-1: Ball
3-1: TRIPLE (Flyball, 7LD)
Jim Unknown scores
Batting: LHB Jim Unknown 0-0: Called Strike
0-1: Foul Ball, location: 2F
0-2: Ball
1-2: Ground out 3-1 (Groundball, 34)
Jim Unknown scores
Batting: LHB Bastyão Lizardo 0-0: Swinging Strike
0-1: Swinging Strike
0-2: Fly out, F9 (Line Drive, 9D)
Bottom of the 4th over - 5 run(s), 5 hit(s), 0 error(s), 0 left on base; Bakersfield 5 - Bay City 5
TOP OF THE 5TH
Bakersfield Nobles batting - Pitching for Bay City Bombers : RHP Jeff Krause
Batting: LHB Juan González 0-0: Ball
1-0: Called Strike
1-1: Ball
2-1: Ball
3-1: Called Strike
3-2: Foul Ball, location: 2F
3-2: Foul Ball, location: 2F
3-2: SINGLE (Groundball, 34D)
Batting: RHB Floyd Mitchell 0-0: Ball
1-0: Bunted foul
1-1: Bunted foul
1-2: Fly out, F8 (Line Drive, 8LS)
Batting: RHB Ron Gérard 0-0: Ball
1-0: Fly out, F9 (Popup, 8RS)
Batting: RHB Lloyd Alberink 0-0: Ball
1-0: Ball
2-0: Called Strike
2-1: Foul Ball, location: 2F
2-2: Strikes out looking
Top of the 5th over - 0 run(s), 1 hit(s), 0 error(s), 1 left on base; Bakersfield 5 - Bay City 5
BOTTOM OF THE 5TH
Bay City Bombers batting - Pitching for Bakersfield Nobles : RHP Fernando González
Batting: RHB Jim Unknown 0-0: Ball
1-0: Swinging Strike
1-1: Ball
2-1: Foul Ball, location: 2F
2-2: Foul Ball, location: 2F
2-2: Ball
3-2: Base on Balls
Batting: LHB Jim Unknown 0-0: Ball
1-0: Ball
2-0: SINGLE (Line Drive, 4M)
Jim Unknown to second
Batting: RHB Barry Martínez 0-0: Foul Ball, location: 2F
0-1: Fly out, F8 (Flyball, 89S)
Batting: RHB Gilberto Patino 0-0: Called Strike
Jim Unknown is caught stealing 3rd base
Jim Unknown to second
0-1: Ball
1-1: Ball
2-1: Ball
3-1: Called Strike
3-2: Foul Ball, location: 2F
3-2: Foul Ball, location: 2F
3-2: Foul Ball, location: 2F
3-2: Foul Ball, location: 2F
3-2: Strikes out swinging
Bottom of the 5th over - 0 run(s), 1 hit(s), 0 error(s), 1 left on base; Bakersfield 5 - Bay City 5
TOP OF THE 6TH
Bakersfield Nobles batting - Pitching for Bay City Bombers : RHP Jeff Krause
Batting: RHB Dong-po Tien 0-0: Called Strike
0-1: Ball
1-1: Ball
2-1: SINGLE (Line Drive, 34D)
Batting: RHB Arnie Latham 0-0: Bunted foul
0-1: Sac Bunt - play at first, batter OUT! 1-4
Dong-po Tien to second
Batting: SHB Stephen Yates 0-0: Called Strike
0-1: Ball
1-1: Ball
2-1: Ground out 4-3 (Groundball, 4)
Dong-po Tien to third
Batting: LHB Emery Miller 0-0: Ball
1-0: Ground out 4-3 (Groundball, 4)
Top of the 6th over - 0 run(s), 1 hit(s), 0 error(s), 1 left on base; Bakersfield 5 - Bay City 5
BOTTOM OF THE 6TH
Bay City Bombers batting - Pitching for Bakersfield Nobles : RHP Fernando González
Batting: LHB Mito Rin 0-0: Swinging Strike
0-1: Ball
1-1: Ball
2-1: Swinging Strike
2-2: Foul Ball, location: 2F
2-2: Strikes out swinging
Batting: RHB Jim Unknown 0-0: Ball
1-0: Called Strike
1-1: SINGLE (Flyball, 89S)
Batting: RHB Jim Unknown 0-0: Foul Ball, location: 2F
0-1: Ball
1-1: Ball
2-1: Foul Ball, location: 2F
2-2: SINGLE (Line Drive, 56)
Jim Unknown to second
Batting: LHB Jim Unknown 0-0: Called Strike
0-1: Called Strike
0-2: Ball
1-2: Ball
2-2: Ball
3-2: Fly out, F8 (Flyball, 8RM)
Batting: LHB Bastyão Lizardo 0-0: Ball
1-0: Ball
2-0: Ball
3-0: Called Strike
3-1: Base on Balls
Jim Unknown to third
Jim Unknown to second
Batting: RHB Jim Unknown 0-0: Called Strike
0-1: Fielders Choice at 2nd, U6 (Groundball, 6M)
Bottom of the 6th over - 0 run(s), 2 hit(s), 0 error(s), 3 left on base; Bakersfield 5 - Bay City 5
TOP OF THE 7TH
Bakersfield Nobles batting - Pitching for Bay City Bombers : RHP Jeff Krause
Batting: LHB Luis Velázquez 0-0: Ball
1-0: Called Strike
1-1: Foul Ball, location: 2F
1-2: Foul Ball, location: 2F
1-2: DOUBLE (Flyball, 8LXD)
Batting: LHB Juan González 0-0: Intentional Walk
Pitching: RHP Milton Anderson
Batting: RHB Floyd Mitchell 0-0: Ball
1-0: Ball
2-0: Bunted foul
2-1: Bunted foul
2-2: Foul Ball, location: 2F
2-2: SINGLE (Groundball, 56D)
Luis Velázquez to third
Juan González to second
Pinch Hitting: RHB Bill Sackett 0-0: Foul Ball, location: 2F
0-1: Foul Ball, location: 2F
0-2: Strikes out swinging
Pinch Hitting: LHB Roberto Rodríguez 0-0: Grounds into double play, 6-4-3 (Groundball, 6M)
Top of the 7th over - 0 run(s), 2 hit(s), 0 error(s), 2 left on base; Bakersfield 5 - Bay City 5
BOTTOM OF THE 7TH
Bay City Bombers batting - Pitching for Bakersfield Nobles : RHP Fernando González
Now at 2B: Bill Sackett
Now in LF: Roberto Rodríguez
Batting: LHB Jim Unknown 0-0: Ball
1-0: Ball
2-0: Ball
3-0: Base on Balls
Batting: RHB Barry Martínez 0-0: Called Strike
0-1: Called Strike
0-2: Ball
1-2: Ball
2-2: Fly out, F5 (Line Drive, 56S)
Batting: RHB Gilberto Patino 0-0: Ball
1-0: Ball
2-0: Foul Ball, location: 2F
2-1: Foul Ball, location: 2F
2-2: Foul Ball, location: 2F
2-2: Foul Ball, location: 2F
2-2: Grounds into double play, 5-4-3 (Groundball, 56)
Bottom of the 7th over - 0 run(s), 0 hit(s), 0 error(s), 0 left on base; Bakersfield 5 - Bay City 5
TOP OF THE 8TH
Bakersfield Nobles batting - Pitching for Bay City Bombers : RHP Milton Anderson
Batting: RHB Dong-po Tien 0-0: Ball
1-0: Ball
2-0: Called Strike
2-1: SINGLE (Line Drive, 8RS)
Batting: RHB Arnie Latham 0-0: Ball
1-0: Ball
2-0: Sac Bunt - play at first, batter OUT! 3-4
Dong-po Tien to second
Batting: SHB Stephen Yates 0-0: Foul Ball, location: 2F
0-1: Fly out, F8 (Flyball, 78M)
Batting: LHB Emery Miller 0-0: Foul Ball, location: 2F
0-1: Ball
1-1: Ball
2-1: Ball
3-1: Foul Ball, location: 2F
3-2: Base on Balls
Batting: LHB Luis Velázquez 0-0: Ball
1-0: Ball
2-0: Ball
3-0: Called Strike
3-1: DOUBLE (Line Drive, 7LM)
Dong-po Tien scores
Emery Miller to third
Runner from 3rd tries for Home, SAFE, no throw or cutoff
Batting: LHB Juan González 0-0: Called Strike
0-1: Foul Ball, location: 2F
0-2: Ball
1-2: DOUBLE (Flyball, 9D)
Luis Velázquez scores
Pitching: RHP Wallace Elgie
Batting: RHB Floyd Mitchell 0-0: Called Strike
0-1: Ball
1-1: Ball
2-1: Ground out 1-3 (Groundball, 23)
Top of the 8th over - 3 run(s), 3 hit(s), 0 error(s), 1 left on base; Bakersfield 8 - Bay City 5
BOTTOM OF THE 8TH
Bay City Bombers batting - Pitching for Bakersfield Nobles : RHP Fernando González
Batting: LHB Mito Rin 0-0: Ball
1-0: Foul Ball, location: 2F
1-1: Foul Ball, location: 2F
1-2: Ball
2-2: Ball
3-2: Ground out 4-3 (Groundball, 4)
Batting: RHB Jim Unknown 0-0: Ball
1-0: Ball
2-0: Ball
3-0: Called Strike
3-1: Swinging Strike
3-2: Fly out, F8 (Flyball, 8LXD)
Batting: RHB Jim Unknown 0-0: DOUBLE (Line Drive, 7LD)
Pitching: LHP Royce Bradshaw
Batting: LHB Jim Unknown 0-0: Ball
Passed Ball!
Jim Unknown to third
1-0: Called Strike
1-1: Ground out 1-3 (Groundball, 13S)
Bottom of the 8th over - 0 run(s), 1 hit(s), 0 error(s), 1 left on base; Bakersfield 8 - Bay City 5
TOP OF THE 9TH
Bakersfield Nobles batting - Pitching for Bay City Bombers : RHP Wallace Elgie
Batting: RHB Bill Sackett 0-0: Called Strike
0-1: Ball
1-1: Foul Ball, location: 2F
1-2: Ball
2-2: Ball
3-2: Foul Ball, location: 2F
3-2: Base on Balls
Batting: LHB Roberto Rodríguez 0-0: Ball
1-0: Called Strike
1-1: Ball
2-1: Ball
3-1: Base on Balls
Bill Sackett to second
Batting: RHB Dong-po Tien 0-0: Foul Ball, location: 2F
0-1: Swinging Strike
0-2: Ball
1-2: Foul Ball, location: 2F
1-2: Foul Ball, location: 2F
1-2: Hit by Pitch
Bill Sackett to third
Roberto Rodríguez to second
Pinch Hitting: RHB Bobby Christopher 0-0: Ball
Single, Error in OF, E9, batter to second base
Bill Sackett scores
Roberto Rodríguez scores
Dong-po Tien to third
Batting: SHB Stephen Yates 0-0: Foul Ball, location: 2F
0-1: Called Strike
0-2: Foul Ball, location: 2F
0-2: 3-RUN HOME RUN (Flyball, 8LXD), Distance : 435 ft
Pitching: RHP Jorge Silva
Batting: LHB Emery Miller 0-0: Called Strike
0-1: Called Strike
0-2: SINGLE (Groundball, 4MD)
Batting: LHB Luis Velázquez 0-0: Ball
1-0: Swinging Strike
1-1: Fly out, F8 (Flyball, 89XD)
Batting: LHB Juan González 0-0: Called Strike
Emery Miller steals 2nd base
0-1: Ball
1-1: Ball
Passed Ball!
Emery Miller to third
2-1: Ball
3-1: Base on Balls
Batting: RHB Floyd Mitchell 0-0: Called Strike
0-1: Called Strike
0-2: Foul Ball, location: 2F
0-2: Ball
1-2: Fly out, F2 (Popup, 2RF)
Batting: RHB Bill Sackett 0-0: Ball
1-0: Ball
2-0: Swinging Strike
2-1: SINGLE (Flyball, 4MD)
Emery Miller scores
Juan González to second
Runner from 2nd tries for 3rd, SAFE, no throw or cutoff
Batting: LHB Roberto Rodríguez 0-0: Called Strike
0-1: Ball
Wild Pitch!
Juan González scores
Bill Sackett to second
1-1: Foul Ball, location: 2F
1-2: Foul Ball, location: 2F
1-2: Ball
2-2: Foul Ball, location: 2F
2-2: Foul Ball, location: 2F
2-2: SINGLE (Flyball, 8RS)
Bill Sackett to third
Runner from 3rd tries for Home, SAFE, no throw or cutoff
Batting: RHB Dong-po Tien 0-0: Ball
Roberto Rodríguez is caught stealing 2nd base
Top of the 9th over - 8 run(s), 5 hit(s), 1 error(s), 0 left on base; Bakersfield 16 - Bay City 5
BOTTOM OF THE 9TH
Bay City Bombers batting - Pitching for Bakersfield Nobles : LHP Royce Bradshaw
Now in CF: Cory Staton
Batting: LHB Bastyão Lizardo 0-0: Called Strike
0-1: Called Strike
0-2: Hit by Pitch
Batting: RHB Jim Unknown 0-0: Called Strike
0-1: Ball
1-1: Foul Ball, location: 2F
1-2: Strikes out looking
Batting: LHB Jim Unknown 0-0: Foul Ball, location: 2F
0-1: Foul Ball, location: 2F
0-2: Ball
1-2: Ball
2-2: Ball
3-2: Grounds into double play, 4-6-3 (Groundball, 4)
Bottom of the 9th over - 0 run(s), 0 hit(s), 0 error(s), 0 left on base; Bakersfield 16 - Bay City 5
This league is powered by Out of the Park Baseball, the baseball management simulation game for PC, Mac and Linux
Friday, January 22nd, 2016 - OOTP Baseball 16.9 Build 39